 Dungeon Crawl Stone Soup version 0.25-a0-42-g6c54e25894 (webtiles) character file.

Game seed: 14942908447544790229, levelgen mode: deterministic

103 Gynju the Magician (level 4, -7/24 HPs)
             Began as a Deep Elf Fire Elementalist on Oct 23, 2019.
             Was an Initiate of Vehumet.
             Killed by nerve-wracking pain
             ... invoked by Grinder
              (14 damage)
             ... while paralysed by Grinder
             ... on level 4 of the Dungeon.
             The game lasted 00:03:27 (3319 turns).

Gynju the Magician (Deep Elf Fire Elementalist)     Turns: 3319, Time: 00:03:27

Health: -7/24      AC:  3    Str:  5    XL:     4   Next: 51%
Magic:  9/12       EV:  2    Int: 21    God:    Vehumet [......]
Gold:   232        SH:  0    Dex: 15    Spells: 7/11 levels left

rFire    . . .     SeeInvis .   k - +1 short sword (freeze)
rCold    . . .     Gourm    .   (no shield)
rNeg     . . .     Faith    .   a - +0 robe
rPois    .         Spirit   .   (no helmet)
rElec    .         Reflect  .   o - +0 cloak
rCorr    .         Harm     .   (no gloves)
MR       .....                  (no boots)
Stlth    ++........             (no amulet)
HPRegen  0.08/turn              (no ring)
MPRegen  0.13/turn              (no ring)

@: paralysed
A: no striking features
a: Renounce Religion


You were on level 4 of the Dungeon.
You worshipped Vehumet.
Vehumet was noncommittal.
You were very hungry.

You visited 1 branch of the dungeon, and saw 4 of its levels.

You collected 232 gold pieces.

Inventory:

Hand Weapons
 k - a +1 short sword of freezing (weapon)
Missiles
 f - 81 stones (quivered)
Armour
 a - a +0 robe (worn)
 o - a +0 cloak (worn)
Jewellery
 e - a +4 ring of protection {unknown}
 i - a cursed ring of attention {unknown}
 v - an uncursed ring of protection from cold {unknown}
Wands
 s - a wand of paralysis (13)
Scrolls
 b - 3 scrolls of identify {unknown}
 h - a scroll of teleportation {unknown}
 j - a scroll of amnesia {unknown}
 n - 2 scrolls of fear {unknown}
 p - a scroll of remove curse {unknown}
 q - a scroll of magic mapping {unknown}
 r - a scroll of enchant armour {unknown}
 t - 2 scrolls of blinking {unknown}
 u - a scroll of immolation {unknown}
Potions
 d - a potion of mutation {unknown}
 g - 2 potions of curing {unknown}
 l - 2 potions of flight {unknown}
 m - 2 potions of might {unknown}
Comestibles
 c - 8 rations


   Skills:
 + Level 3.6 Dodging
 - Level 2.4 Stealth
 + Level 4.1 Spellcasting
 + Level 2.4 Conjurations
 + Level 4.0 Fire Magic


You had 7 spell levels left.
You knew the following spells:

 Your Spells              Type           Power        Failure   Level  Hunger
a - Flame Tongue          Conj/Fire      ###..        3%          1    None
b - Conjure Flame         Conj/Fire      ###.....     10%         3    ###....

Your spell library contained the following spells:

 Spells                   Type           Power        Failure   Level  Hunger
 Throw Flame              Conj/Fire      ###...       4%          2    #......
 Inner Flame              Hex/Fire       ##......     16%         3    ###....
 Sticky Flame             Conj/Fire      ###.....     30%         4    ####...
 Fireball                 Conj/Fire      ###.......   65%         5    ######.


Dungeon Overview and Level Annotations

Branches:
Dungeon (4/15)
 Temple: D:4-7

Altars:
Ashenzari
Vehumet

Annotations:
D:4 Blork the orc, Grinder


Message History

Aim: Grinder (moderately wounded)
The flame tongue hits Grinder!
Grinder is heavily wounded.
Grinder hits you.
You writhe in agony.
Casting: Flame Tongue (safe; 3% risk of failure)
Confirm with . or Enter, or press ? or * to list all spells.
Aiming: Flame Tongue (safe; 3% risk of failure)
Press: ? - help, Shift-Dir - straight line, f/p - Grinder
Aim: Grinder (heavily wounded)
The flame tongue hits Grinder.
Grinder is heavily wounded.
Grinder says, "Mostly I couldn't keep them alive."
Grinder gestures at you.
You suddenly lose the ability to move!
Grinder hits you.
You writhe in agony.
* * * LOW HITPOINT WARNING * * *
Grinder gestures at you. Pain shoots through your body!
Ouch! That really hurt!
You die...

...............
...............
...............
...............
.............#
............#
........5.#
.......@#
......### ....#
.##


You could see Grinder.

Vanquished Creatures
  4 adders
  2 worms (D:2)
  A leopard gecko (D:1)
  An orc (D:3)
  A giant cockroach (D:2)
  5 goblins
  4 hobgoblins
  12 jackals
  A quokka (D:2)
  4 bats
  3 frilled lizards
  14 kobolds
  5 rats
57 creatures vanquished.

Vanquished Creatures (others)
  A sky beast (D:3)
1 creature vanquished.

Grand Total: 58 creatures vanquished

Notes
Turn   | Place    | Note
-------+----------+-------------------------------------------
     0 | D:1      | Gynju the Deep Elf Fire Elementalist began the quest for
                  | the Orb.
     0 | D:1      | Reached XP level 1. HP: 10/10 MP: 6/6
   176 | D:1      | Reached XP level 2. HP: 15/15 MP: 4/8
   957 | D:2      | Found a shattered altar of Ashenzari.
  1002 | D:2      | Reached XP level 3. HP: 17/19 MP: 2/10
  1007 | D:2      | Learned a level 3 spell: Conjure Flame
  1882 | D:2      | Reached XP level 4. HP: 24/24 MP: 9/11
  2554 | D:3      | Noticed a sky beast
  2584 | D:3      | Killed a sky beast
  2712 | D:3      | Found a faded altar of an unknown god.
  3100 | D:3      | Found a radiant altar of Vehumet.
  3262 | D:3      | Became a worshipper of Vehumet
  3309 | D:4      | Noticed Blork the orc
  3314 | D:4      | Noticed Grinder
  3317 | D:4      | Paralysed by Grinder for 7 turns
  3319 | D:4      | Killed from afar by Grinder

Levels and vault maps discovered:
D:1:      eino_arrival_druids_welcome, layout_basic
D:2:      layout_loops_corners, first_ration, ashenzari_altar_1
D:3:      layout_loops_ring, fiery_altar_vehumet,
          chequers_ecumenical_altar_island
D:4:      layout_layer_cave, uniq_grinder, uniq_blork_the_orc

Skill      XL: |  1  2  3  4 |
---------------+-------------+-----
Dodging        | 3 |  3.6
Conjurations   | 2 |  2.4
Spellcasting   | 4 |  4.1
Fire Magic     | 4 |  4.0
Stealth        | |  2.4

Action                   |  1- 3 |  4- 6 || total
-------------------------+-------+-------++-------
Melee: Unarmed           |     2 |       ||     2
       Short sword       |     2 |    38 ||    40
 Cast: Flame Tongue      |    78 |    22 ||   100
  Eat: Chunk             |     3 |     3 ||     6
Armor: Robe              |     5 |     7 ||    12
Dodge: Dodged            |    34 |    39 ||    73

Table legend:
 A = Non-vault XP
 B = Vault XP
 C = Vault XP percentage of total XP
 D = Non-vault monster count
 E = Vault monster count
 F = Vault count percentage of total count
                 A         B        C        D         E       F
            +---------+---------+-------+---------+---------+-------
      Total |     148 |       0 |   0.0 |      57 |       0 |   0.0
            +---------+---------+-------+---------+---------+-------
        D:1 |      30 |       0 |   0.0 |      18 |       0 |   0.0
        D:2 |      82 |       0 |   0.0 |      24 |       0 |   0.0
        D:3 |      36 |       0 |   0.0 |      15 |       0 |   0.0
            +---------+---------+-------+---------+---------+-------
